 Dungeon Crawl Stone Soup version 0.31.0 (webtiles) character file.

Game seed: 12922128601406063190

18 qw the Shooter (level 2, -1/17 HPs)
             Began as a Gargoyle Hunter on Jan 20, 2024.
             Slain by a gnoll
             ... wielding a +0 spear
              (7 damage)
             ... on level 2 of the Dungeon.
             The game lasted 00:00:02 (1136 turns).

qw the Shooter (Gargoyle Hunter)                    Turns: 1136, Time: 00:00:03

Health: -1/17      AC:  5    Str: 14    XL:     2   Next: 66%
Magic:  2/2        EV: 11    Int:  9    God:
Gold:   73         SH:  0    Dex: 13    Spells: 1/1 levels left

rFire   . . .        a - +0 shortbow
rCold   . . .        (shield currently unavailable)
rNeg    + . .        c - +0 leather armour
rPois   inf          (no helmet)
rElec   +            (no cloak)
rCorr   .            (no gloves)
SInv    .            (no boots)
Will    .....        g - amulet of the acrobat
Stlth   +            (no ring)
HPRegen 0.22/turn    (no ring)
MPRegen 0.08/turn

%: acrobat
@: no status effects
A: sickness immunity, AC +2, negative energy resistance 1, electricity
resistance, torment resistance 1, petrification resistance
a: no special abilities


You were on level 2 of the Dungeon.
You visited 1 branch of the dungeon, and saw 2 of its levels.

You collected 73 gold pieces.


Innate Abilities, Weirdness & Mutations

You are immune to sickness and miasma.
Your stone body is resilient. (AC +2)
You are immune to poison.
You resist negative energy. (rN+)
You are resistant to electric shocks. (rElec)
You are resistant to unholy torment.
You are immune to petrification.


   Skills:
 - Level 2.1 Fighting
 + Level 4.7 Ranged Weapons
 - Level 1.5 Dodging
 - Level 1.1 Stealth


You had one spell level left.
You didn't know any spells.
Your spell library was empty.

Inventory:

Hand Weapons
 a - a +0 shortbow (weapon)
Armour
 c - a +0 leather armour (worn)
Jewellery
 g - an amulet of the acrobat (around neck)
Scrolls
 e - a scroll of teleportation
Potions
 h - a potion of might

Dungeon Overview and Level Annotations

Branches:
Dungeon (2/15)

Altars:


Message History

d - 2 potions of magic Done exploring.
1085 ||| DROPPING scroll of butterflies.
You drop a scroll of butterflies.
Done exploring.
1086 ||| DROPPING 2 potions of magic.
You drop 2 potions of magic.
Done exploring.
What level of the Dungeon? (default 1, ? - help)
You enter the shallow water.
Moving in this stuff is going to be slow.
There is a stone staircase leading down here.
You climb downwards.
There is a stone staircase leading up here.
A bat is nearby!
Waypoint 1 assigned to D:2.
You shoot an arrow. The arrow hits the bat.
The bat is moderately wounded.
The bat closely misses you.
You shoot an arrow. The arrow hits the bat.
You kill the bat!
You see here a bat corpse. 3 gnolls come into view.
1129 ||| RETREEEEATING.
The gnoll shouts! x2; You hear a shout!
A gnoll comes into view. It is wielding a +0 halberd.
1131 ||| RETREEEEATING.
You shoot an arrow. The arrow closely misses the gnoll.
You shoot an arrow. The arrow hits the gnoll.
The gnoll is moderately wounded.
You hear a shout!
The gnoll barely misses you.
You shoot an arrow. The arrow barely misses the gnoll.
The gnoll hits you from afar with a +0 spear!
The gnoll barely misses you.
You shoot an arrow. The arrow hits the gnoll.
The gnoll is moderately wounded.
The gnoll hits you from afar with a +0 spear.
You shoot an arrow. The arrow hits the gnoll!
The gnoll is severely wounded.
The gnoll hits you from afar with a +0 spear!
You die...

#.## #..#
#... #..# #
... ... #.##
#..##
#..#......
####%<.......
#.@..##......
#.#### ...##
#..gg.# #...
#gg##### ..
.g .


You could see 2 gnolls.

Vanquished Creatures
  3 endoplasms (D:1)
  A giant cockroach (D:1)
  3 goblins (D:1)
  2 quokkas (D:1)
  A ball python (D:1)
  A bat (D:2)
  4 frilled lizards (D:1)
  A kobold (D:1)
  2 rats (D:1)
18 creatures vanquished.

Notes
Turn   | Place    | Note
-------+----------+-------------------------------------------
     0 | D:1      | qw the Gargoyle Hunter began the quest for the Orb.
     0 | D:1      | Reached XP level 1. HP: 12/12 MP: 1/1
     0 | D:1      | 0 ||| qw: Version: 0.3-a-132-g3d54051
     0 | D:1      | 0 ||| qw: Game counter: 462
     0 | D:1      | 0 ||| qw: Melee chars always use a shield: true
     0 | D:1      | 0 ||| qw: God list: Okawaru
     0 | D:1      | 0 ||| qw: Allow faded altars: false
     0 | D:1      | 0 ||| qw: Do Orc after clearing Dungeon:15 true
     0 | D:1      | 0 ||| qw: Do second Lair branch before Depths: true
     0 | D:1      | 0 ||| qw: Lair rune preference: random
     0 | D:1      | 0 ||| qw: Goals: Normal
     0 | D:1      | 0 ||| PLANNING D:1-11
   277 | D:1      | Reached XP level 2. HP: 15/17 MP: 2/2
  1075 | D:1      | 1075 ||| UPGRADING to amulet of the acrobat.
  1080 | D:1      | 1080 ||| READING 2 scrolls labelled BEDIEL AFUWETZ.
  1083 | D:1      | 1083 ||| READING 2 scrolls labelled RARGHO SA TURUK.
  1083 | D:1      | 1083 ||| IDENTIFYING glowing emerald potion
  1084 | D:1      | 1084 ||| READING scroll of identify.
  1084 | D:1      | 1084 ||| IDENTIFYING 2 cyan potions
  1085 | D:1      | 1085 ||| DROPPING scroll of butterflies.
  1086 | D:1      | 1086 ||| DROPPING 2 potions of magic.
  1129 | D:2      | 1129 ||| RETREEEEATING.
  1131 | D:2      | 1131 ||| RETREEEEATING.
  1136 | D:2      | Slain by a gnoll

Levels and vault maps discovered:
D:1:      psy_arrival_statuary, layout_basic, serial_bayou_lagoon_b
D:2:      minmay_angry_zag, layout_rooms,
          shapermc_ecumenical_altar_starsandcircs

Action                     || total
---------------------------++-------
   Fire: Shortbow          ||    66
    Use: Scroll            ||     3
 Armour: Leather armour    ||    17
  Dodge: Dodged            ||    19

Table legend:
 A = Non-vault XP
 B = Vault XP
 C = Vault XP percentage of total XP
 D = Non-vault monster count
 E = Vault monster count
 F = Vault count percentage of total count
                 A         B        C        D         E       F
            +---------+---------+-------+---------+---------+-------
      Total |      26 |       0 |   0.0 |      18 |       0 |   0.0
            +---------+---------+-------+---------+---------+-------
        D:1 |      25 |       0 |   0.0 |      17 |       0 |   0.0
        D:2 |       1 |       0 |   0.0 |       1 |       0 |   0.0
            +---------+---------+-------+---------+---------+-------
